AoeStats
← RedeemYourself

Arabia

509902599Analyzed
1v1 RM · 3d ago on Sep 28, 2026· 30m 47s· 2 players
Game mode
Random Map
Map size
Tiny (2 player)
Population
200
Speed
Normal
Resources
Standard
Victory
Conquest
Starting age
Dark Age
Ending age
Imperial Age
RankedLock teamsTeams togetherTeam positionsShared explorationLock speedFull tech treeHidden civsTurbo modeCheats
Victory
Defeat
🇩🇪 Danes · Germany
1688
+14
🇩🇪 Tatars · Germany
1634
-14
Streiter_Innos
6:59 Loom
9:12 Feudal Age
13:07 Fletching
14:08 Double-Bit Axe
20:53 Castle Age
19:08 Horse Collar
19:43 Padded Archer Armor
20:15 Gold Mining
21:31 Bodkin Arrow
21:14 Crossbowman
25:25 Ballistics
27:44 Bow Saw
31:26 Bow Saw
RedeemYourself
6:03 Loom
8:46 Feudal Age
8:53 Man-at-Arms
11:30 Double-Bit Axe
14:55 Fletching
20:45 Castle Age
19:35 Padded Archer Armor
19:22 Horse Collar
20:48 Crossbowman
21:24 Bodkin Arrow
22:41 Elite Skirmisher
24:23 Bow Saw
25:37 Town Watch
26:56 Ballistics
27:05 Leather Archer Armor
29:49 Wheelbarrow
29:47 Heavy Plow
Connection lost

Rejoining the realm…

Still unreachable

The connection could not be restored.

Session expired

The server has moved on; the page needs a fresh start.